 Dungeon Crawl Stone Soup version 0.19-a0-1827-g174f941 (webtiles) character file.

61 poirepourri the Conjurer (level 3, -4/19 HPs)
             Began as a Deep Elf Conjurer on Oct 7, 2016.
             Killed from afar by an orc wizard (6 damage)
             ... with a puff of flame
             ... on level 1 of the Dungeon.
             The game lasted 00:02:00 (856 turns).

poirepourri the Conjurer (Deep Elf Conjurer)         Turns: 856, Time: 00:02:01

Health: -4/19      AC:  2    Str:  5    XL:     3   Next: 83%
Magic:  9/10       EV: 13    Int: 20    God:
Gold:   52         SH:  0    Dex: 15    Spells: 3 memorised, 4 levels left

rFire  . . .     SeeInvis .     (no weapon)
rCold  . . .     Gourm    .     a - +0 robe
rNeg   . . .     Faith    .     (no shield)
rPois  .         Spirit   .     (no helmet)
rElec  .         Dismiss  .     (no cloak)
rCorr  .         Reflect  .     (no gloves)
MR     .....     Harm     .     (no boots)
Stlth  ++........               (no amulet)
                                (no ring)
                                (no ring)

@: no status effects
A: no striking features
a: no special abilities


You were on level 1 of the Dungeon.
You were not hungry.

You visited 1 branch of the dungeon, and saw 1 of its levels.

You collected 52 gold pieces.

Inventory:

Armour
 a - a +0 robe (worn)
Jewellery
 j - a +4 amulet of reflection {unknown}
Scrolls
 e - a scroll of remove curse
 f - a scroll of identify
Potions
 g - a potion of lignification
 h - a potion of cancellation
Books
 b - a book of Conjurations

   Spells                             Type                      Level
   a - Magic Dart                     Conjuration                  1
   b - Searing Ray                    Conjuration                  2
   c - Dazzling Spray                 Conjuration/Hexes            3
   d - Fulminant Prism                Conjuration/Hexes            4
   e - Iskenderun's Mystic Blast      Conjuration                  4
   f - Iskenderun's Battlesphere      Conjuration/Charms           5
Comestibles
 c - a bread ration
 d - a meat ration
 i - a royal jelly


   Skills:
 + Level 2.5 Dodging
 - Level 2.4 Stealth
 * Level 4.2 Spellcasting
 + Level 5.4 Conjurations


You had 4 spell levels left.
You knew the following spells:

 Your Spells              Type           Power        Failure   Level  Hunger
a - Magic Dart            Conj           ####         1%          1    None
b - Searing Ray           Conj           ####..       1%          2    #......
c - Dazzling Spray        Conj/Hex       ###...       14%         3    ###....


Dungeon Overview and Level Annotations

Branches:
Dungeon (1/15)

Altars:


Message History

You bump into the rock wall.
Something barely misses you.
You miss something. Something hits you but does no damage.
Unknown command.
You see here a club.
You're too confused to move!
Something hits you but does no damage.
You bump into the rock wall.
You hear some strange, mumbled words.
A magic dart appears from out of thin air!
The magic dart hits you!
* * * LOW HITPOINT WARNING * * *
You're too confused!
Unknown command.
Okay, then.
You feel less confused.
Okay, then.
You hear some strange, mumbled words.
Something tries to affect you, but you resist.
A puff of flame appears from out of thin air!
The puff of flame hits you!
You die...

##### ####### #...# ......#
#...# ......###### #...#
......##...# #...###########
..........## #.......#.....##
....#....#####..............##
...#)...........@............#
..#.)#######.................#
....## ###....[..........#
#...##########...............#
.............................#
.†..##..#####................#
..........# #.#.............##
.#.######.###.##.....#.....##
.#.# ###.....##############


There were no monsters in sight!

Vanquished Creatures
  An orc priest (D:1)
  2 dart slugs (D:1)
  2 leopard geckos (D:1)
  A ball python (D:1)
  4 giant cockroaches (D:1)
  4 goblins (D:1)
  4 hobgoblins (D:1)
  4 bats (D:1)
  A frilled lizard (D:1)
  A rat (D:1)
24 creatures vanquished.

Notes
Turn   | Place    | Note
-------+----------+-------------------------------------------
     0 | D:1      | poirepourri the Deep Elf Conjurer began the quest for the Orb.
     0 | D:1      | Reached XP level 1. HP: 10/10 MP: 6/6
    99 | D:1      | Reached XP level 2. HP: 15/15 MP: 0/8
   364 | D:1      | Reached skill level 5 in Conjurations
   620 | D:1      | Learned a level 2 spell: Searing Ray
   680 | D:1      | Reached XP level 3. HP: 19/19 MP: 8/10
   722 | D:1      | Learned a level 3 spell: Dazzling Spray
   856 | D:1      | Killed from afar by an orc wizard

Vault maps used:
D:1:      minmay_arrival_stair_chambers

Skill      XL: |  1  2  3 |
---------------+----------+-----
Conjurations   | 5 |  5.4
Spellcasting   | 4 |  4.2
Dodging        | |  2.5
Stealth        | |  2.4

Action                   || total
-------------------------++-------
Melee: Unarmed           ||     1
 Cast: Magic Dart        ||    48
  Use: Scroll            ||     4
Dodge: Dodged            ||     4
